 Dungeon Sprint DCSS version 0.30-a0-50-gb2d611f6b1 (webtiles) character file.

Game seed: 2750468413758056259

7 lesbiats the Trooper (level 1, -1/23 HPs)
             Began as a Troll Fighter on Sept 4, 2022.
             Slain by an ogre
             ... wielding a +0 giant club
              (16 damage)
             ... in the Dungeon (Sprint IX: "|||||||||||||||||||||||||||||").
             The game lasted 00:00:21 (38 turns).

lesbiats the Trooper (Troll Fighter)                  Turns: 38, Time: 00:00:22

Health: -1/23      AC:  4    Str: 23    XL:     1   Next: 83%
Magic:  0/0        EV:  8    Int:  4    God:
Gold:   0          SH:  7    Dex:  9    Spells: 0/0 levels left

rFire   . . .      SeeInvis .    a - +0 flail
rCold   . . .      Faith    .    c - +0 kite shield
rNeg    . . .      Spirit   .    b - +0 robe
rPois   .          Reflect  .    (helmet restricted)
rElec   .          Harm     .    (no cloak)
rCorr   .          Rampage  .    (gloves unavailable)
Will    .....      NoTele   +    (boots unavailable)
Stlth   +.........               (no amulet)
HPRegen 0.87/turn                (no ring)
MPRegen 0.07/turn                (no ring)

@: no status effects
A: large, unfitting armour, claws 3, regeneration 1, shaggy fur 1, tough skin 1
a: no special abilities


You were in the Dungeon.
You visited 1 branch

Inventory:

Hand Weapons
 a - a +0 flail (weapon)
Armour
 b - a +0 robe (worn)
 c - a +0 kite shield (worn)
Scrolls
 j - a scroll of blinking
Potions
 d - a potion of might
 e - a potion of curing
 f - a potion of heal wounds
 g - a potion of haste
 h - 2 potions of magic
 i - a potion of berserk rage


   Skills:
 + Level 3.0 Fighting
 * Level 2.5 Maces & Flails
 + Level 3.0 Dodging
 - Level 2.6 Shields


You couldn't memorise any spells.
You didn't know any spells.
Your spell library was empty.

Dungeon Overview and Level Annotations

Branches:
Dungeon (1/1)

Altars:


Innate Abilities, Weirdness & Mutations

You are too large for most types of armour.
You have claws for hands.
Your natural rate of healing is unusually fast.
You are covered in fur. (AC +1)
You have tough skin. (AC +1)


Message History

The goblin is moderately wounded.
The goblin barely misses you.
You hit the goblin.
The goblin is severely wounded.
The goblin barely misses you. The goblin hits you but does no damage.
You closely miss the goblin.
The goblin is severely wounded.
You block the goblin's attack.
You sock the goblin!
You kill the goblin!
There is an open door to the Dungeon, spattered with blood here.
Things that are here:
a +0 club; a goblin corpse You start resting.
HP restored.
You open the door.
An orc, an ufetubus, an ogre, a worm and a shadow imp come into view.
The orc shouts!
The ufetubus shouts!
You hit the orc.
The orc is lightly wounded.
The orc hits you but does no damage.
You thump the orc!
You kill the orc!
The ufetubus hits you but does no damage.
You block the ufetubus's attack. The ufetubus hits you. x2
Your Fighting skill increases to level 3!
Your Dodging skill increases to level 3!
You miss the ufetubus. You block the ufetubus's attack.
The ufetubus hits you but does no damage.
The ufetubus hits you. You block the ufetubus's attack.
You hit the ufetubus.
The ufetubus is moderately wounded.
The ufetubus hits you. The ufetubus barely misses you. The ufetubus hits you.
The ufetubus barely misses you.
You sock the ufetubus!
You kill the ufetubus!
The shadow imp shouts, "Decamp, thou qualling miscreant ratsbane!"
The ogre hits you with a +0 giant club!
Ouch! That really hurt!
You die... ▓▓▓▓▓▓▓▓▓▓▓▓▓▓▓▓▓▓ ▓<...)....@Ow5...+ ▓▓▓▓▓▓▓▓▓▓▓▓▓▓▓▓▓▓

You could see an ogre, a worm and a shadow imp.

Vanquished Creatures
  An ufetubus (D)
  An orc (D)
  A goblin (D)
  A hobgoblin (D)
  2 bats (D)
  A rat (D)
7 creatures vanquished.

Notes
Turn   | Place    | Note
-------+----------+-------------------------------------------
     0 | D        | lesbiats the Troll Fighter began the quest for the Orb.
     0 | D        | Reached XP level 1. HP: 22/22 MP: 0/0
    33 | D        | Noticed an ogre
    38 | D        | Slain by an ogre

Illustrated notes

Levels and vault maps discovered:
D:        linesprint [early_d, line_temple, items_1, d_10, items_2, lair_1,
          lair_end, items_3, orc_1, orc_end, items_4, d_15, swamp_1, shoals_1,
          snake_1, spider_1, d_20, vaults_1, items_5, swamp_end, shoals_end,
          snake_end, spider_end, vaults_end, d_27, items_6, zot_1, zot_end,
          crypt_end, forest_end, elf_end, slime_end, tomb_end, abyss_end,
          pan_hell_end]

Skill      XL: |  1 |
---------------+----+-----
Maces & Flails | 2 |  2.5
Fighting       | 3 |  3.0
Dodging        | 3 |  3.0
Shields        | |  2.6

Action                   || total
-------------------------++-------
Melee: Flail             ||    26
Armor: Robe              ||    11
Dodge: Dodged            ||    10
Block: Kite shield       ||    12

Table legend: (Time is in decaauts)
 A = Elapsed time spent in this place.
 B = Non-inter-level travel time spent in this place.
 C = Inter-level travel time spent in this place.
 D = Time resting spent in this place.
 E = Time spent auto-exploring this place.
 F = Levels seen in this place.
 G = Mean time per level.
                   A        B        C        D        E       F      G
               +--------+--------+--------+--------+--------+-----+--------+
         Total |     48 |     48 |      0 |      2 |      8 |   1 |   48.0 |
       Dungeon |     48 |     48 |      0 |      2 |      8 |   1 |   48.0 |
               +--------+--------+--------+--------+--------+-----+--------+

Top non-repeatable levels by time:
       D: 48 daAuts
